Map: Shrines of Lizul

Players

DioZama

  • Race: Zerg Zerg
  • Spawn Location: 9:00

Villain

  • Race: Protoss Protoss
  • Spawn Location: 6:00

ILIEKEGGPIE - Winner!

  • Race: Terran Terran
  • Spawn Location: 12:00

BizMac - Winner!

  • Race: Zerg Zerg
  • Spawn Location: 3:00

VOD

Have the link to the VOD?

Description

Time

  • Played on: May 17, 2018, 6:02 p.m.
  • Length: 3:46
Show
View Real Time Build Order
Export as new Build Order

DioZama Zerg 

Build Orders: Pool First 

Get SALT Encoding   

  12  0:01  Drone  
  13  0:13  Overlord  
  13  0:18  Drone  
  15  0:35  Drone  
  15  0:36  Drone  
  15  0:42  Overlord  
  16  0:52  Extractor  
  15  1:01  Spawning Pool  
  14  1:16  Drone x3  
  17  1:36  Drone  
  17  1:38  Drone  
  19  1:52  Hatchery  
  18  1:57  Zergling x2  
  19  2:05  Zergling x2  
  19  2:06  Queen  
  22  2:15  Zergling x2  
  22  2:17  Metabolic Boost  
  23  2:39  Zergling x2  
  23  2:40  Zergling x2  
  20  3:10  Zergling x8  
  20  3:23  Drone, Zergling x6  
  20  3:36  Baneling Nest  
Show
View Real Time Build Order
Export as new Build Order

Villain Protoss 

Build Orders:  

Get SALT Encoding   

  12  0:02  Probe  
  13  0:14  Probe  
  14  0:18  Pylon  
  14  0:26  Probe  
  15  0:31  Assimilator  
  15  0:38  Probe  
  16  0:44  Gateway  
  16  0:50  Probe  
  16  0:56  Assimilator  
  17  1:02  Probe  
  18  1:14  Probe  
  19  1:26  Probe  
  22  1:32  Zealot  
  22  1:38  Probe  
  23  1:40  Gateway  
  23  1:52  Cybernetics Core  
  23  2:03  Pylon  
  23  2:21  Stalker  
  23  2:32  Nexus  
  25  2:43  Probe  
  26  2:55  Probe  
  26  2:57  Stalker  
  29  3:13  Stalker  
Show
View Real Time Build Order
Export as new Build Order

ILIEKEGGPIE Terran - Winner!

Build Orders:  

Get SALT Encoding   

  12  0:01  SCV  
  13  0:15  SCV  
  14  0:24  Supply Depot  
  14  0:27  SCV  
  15  0:39  Refinery  
  15  0:45  SCV  
  15  0:47  Barracks  
  16  1:04  SCV  
  17  1:16  SCV  
  17  1:18  Barracks  
  18  1:23  Barracks  
  18  1:28  SCV  
  18  1:32  Refinery  
  19  1:35  Reaper  
  20  1:40  SCV  
  21  1:49  Supply Depot  
  21  2:01  Orbital Command  
  21  2:06  Reaper  
  22  2:16  Reaper  
  23  2:26  Reaper  
  24  2:38  Reaper  
  25  2:48  Reaper  
  26  2:59  Reaper  
  27  3:08  Supply Depot  
  27  3:10  Reaper  
  28  3:24  Engineering Bay  
  30  3:38  Supply Depot  
Show
View Real Time Build Order
Export as new Build Order

BizMac Zerg - Winner!

Build Orders: Pool First 

Get SALT Encoding   

  12  0:03  Drone  
  13  0:09  Drone  
  14  0:18  Overlord  
  14  0:38  Drone x3  
  17  0:49  Spawning Pool  
  16  0:51  Extractor  
  16  0:54  Drone  
  16  1:02  Drone  
  17  1:21  Hatchery  
  16  1:27  Drone x2  
  18  1:36  Queen  
  20  1:44  Overlord  
  20  2:03  Metabolic Boost  
  20  2:04  Zergling x2  
  20  2:05  Zergling x4  
  23  2:22  Drone  
  24  2:33  Zergling x2  
  24  2:36  Queen  
  27  2:39  Overlord  
  27  2:42  Drone  
  27  3:04  Zergling x2  
  27  3:05  Zergling x8  
  30  3:25  Zergling x8  
Tags
 
Add a new tag
Caveats
  • Supply blocks, unpowered buildings, or Contaminate may cause inaccurate times.
  • Supply counts are checked every 10 seconds.